Map: Apotheosis LE

Players

Stressling - Winner!

  • Race: Zerg Zerg
  • League: Diamond

Gracz

  • Race: Zerg Zerg
  • League: Silver

VOD

Have the link to the VOD?

Description

Time

  • Played on: Oct. 27, 2016, 11:33 a.m.
  • Length: 15:58
Show
View Real Time Build Order
Export as new Build Order

Stressling Zerg - Winner!

Build Orders: Hatch First, Lurkers, Swarm Host 

Get SALT Encoding   

  12  0:01  Drone  
  13  0:13  Overlord  
  13  0:20  Drone  
  14  0:32  Drone  
  14  0:33  Drone  
  16  0:39  Drone  
  17  0:55  Unknown, Hatchery  
  16  0:57  Drone  
  16  1:01  Extractor  
  16  1:02  Drone  
  17  1:18  Spawning Pool  
  16  1:21  Drone  
  16  1:24  Drone  
  18  1:29  Drone  
  19  1:40  Overlord  
  19  1:53  Drone  
  20  2:04  Queen  
  20  2:05  Metabolic Boost  
  20  2:06  Unknown  
  20  2:07  Queen  
  24  2:10  Drone  
  24  2:13  Drone  
  26  2:29  Drone  
  27  2:30  Drone  
  27  2:31  Drone x2  
  27  2:35  Baneling Nest  
  27  2:36  Drone  
  30  2:39  Drone  
  31  2:55  Roach Warren  
  31  2:56  Evolution Chamber  
  29  3:02  Evolution Chamber  
  29  3:05  Spine Crawler, Drone x2  
  28  3:10  Overlord  
  29  3:14  Drone  
  31  3:20  Drone x3  
  31  3:23  Drone  
  31  3:25  Drone  
  35  3:31  Zerg Missile Weapons Level 1  
  35  3:33  Drone  
  36  3:41  Drone x3  
  37  3:47  Drone  
  37  3:48  Overlord  
  40  3:51  Drone x2  
  42  3:56  Zerg Ground Armor Level 1  
  42  3:58  Drone  
  42  3:59  Drone  
  44  4:03  Extractor  
  44  4:04  Extractor  
  44  4:07  Extractor, Drone x2  
  43  4:20  Overlord  
  43  4:21  Drone x4  
  47  4:30  Drone  
  47  4:31  Drone x2  
  50  4:38  Lair  
  50  4:46  Drone x4  
  50  4:51  Unknown, Hatchery  
  53  4:57  Overlord x3  
  53  5:10  Overlord x2  
  53  5:13  Drone  
  53  5:14  Drone x2  
  56  5:21  Drone  
  57  5:30  Drone x3  
  57  5:31  Drone x4  
  64  5:35  Zerg Missile Weapons Level 2  
  64  5:39  Hydralisk Den  
  64  5:41  Drone x2  
  65  5:45  Queen, Unknown, Hatchery  
  65  5:49  Burrow  
  66  5:50  Drone  
  67  6:02  Unknown  
  67  6:07  Queen  
  67  6:10  Extractor, Drone  
  67  6:11  Extractor, Drone x7  
  75  6:17  Zerg Ground Armor Level 2  
  75  6:20  Muscular Augments  
  75  6:30  Spore Crawler x2  
  75  6:31  Drone x4, Spore Crawler  
  76  6:34  Spore Crawler  
  76  6:36  Spore Crawler  
  76  6:38  Spore Crawler  
  73  6:41  Spore Crawler  
  73  6:42  Spore Crawler  
  73  6:43  Spore Crawler  
  70  6:50  Drone x2  
  70  6:51  Drone x3  
  70  6:52  Overlord  
  70  6:53  Overlord  
  75  6:57  Unknown  
  75  7:11  Queen  
  77  7:17  Drone, Infestation Pit  
  77  7:18  Overlord  
  77  7:19  Overlord x7  
  77  7:20  Overseer x2  
  77  7:24  Pneumatized Carapace  
  77  7:38  Roach x6  
  77  7:39  Roach x3  
  93  8:05  Hydralisk x4  
  93  8:06  Hydralisk x9  
  119  8:25  Hive  
  119  8:27  Overlord x2  
  119  8:28  Lurker Den  
  119  8:36  Evolution Chamber  
  118  8:43  Drone  
  118  8:44  Drone  
  118  8:47  Unknown, Hatchery  
  119  8:57  Unknown, Hatchery  
  119  9:01  Unknown, Hatchery  
  117  9:13  Unknown, Hatchery  
  116  9:17  Ravager x2  
  116  9:18  Ravager x2  
  116  9:24  Unknown, Hatchery  
  118  9:32  Hydralisk x8  
  134  9:50  Unknown, Hatchery  
  133  9:58  Unknown  
  131  10:01  Roach, Hydralisk  
  131  10:02  Roach x2, Hydralisk x7  
  137  10:08  Unknown  
  137  10:12  Unknown  
  133  10:14  Hydralisk  
  133  10:15  Hydralisk  
  133  10:16  Roach x4  
  141  10:24  Unknown  
  139  10:29  Roach  
  139  10:30  Roach x5  
  139  10:35  Unknown, Queen  
  141  10:54  Roach  
  141  10:55  Roach x9  
  161  10:57  Lurker  
  161  10:58  Lurker  
  161  10:59  Lurker  
  161  11:01  Lurker  
  161  11:02  Unknown, Lurker  
  161  11:03  Lurker  
  167  11:08  Queen  
  165  12:38  Swarm Host x11  
  165  12:42  Overseer  
  198  12:56  Nydus Network  
  197  12:59  Nydus Network  
  197  13:00  Overseer  
  197  13:04  Nydus Network x2  
  194  13:07  Nydus Network  
  132  14:14  Hydralisk x7  
  132  14:15  Hydralisk x13  
  160  14:30  Nydus Canal x2  
  158  14:33  Nydus Canal  
  158  14:36  Nydus Canal  
  136  15:06  Hydralisk x5  
  140  15:07  Hydralisk  
  146  15:27  Hydralisk  
  146  15:28  Hydralisk x2  
  152  15:56  Nydus Canal x2  
  152  15:58  Nydus Canal  
Show
View Real Time Build Order
Export as new Build Order

Gracz Zerg 

Build Orders: Hatch First, Muta Ling Bane 

Get SALT Encoding   

  12  0:01  Drone  
  13  0:10  Drone  
  14  0:21  Overlord  
  14  0:31  Extractor, Drone  
  15  0:45  Drone x3  
  18  1:06  Unknown, Hatchery  
  17  1:18  Spawning Pool  
  16  1:20  Drone  
  18  1:26  Unknown, Hatchery  
  17  1:36  Extractor, Drone  
  17  1:37  Drone x2  
  19  1:54  Drone  
  20  2:01  Drone  
  20  2:05  Extractor  
  20  2:06  Queen  
  22  2:18  Overlord  
  22  2:36  Drone x2  
  24  2:38  Unknown, Overlord  
  24  2:49  Drone  
  24  2:50  Drone  
  26  2:56  Lair  
  26  3:01  Zergling x4  
  28  3:08  Overlord  
  28  3:22  Zergling x4  
  28  3:23  Zergling x8  
  34  3:37  Unknown, Hatchery  
  33  3:44  Metabolic Boost  
  33  3:48  Queen  
  35  3:49  Drone  
  35  3:50  Drone  
  35  3:54  Drone  
  38  4:08  Drone x3  
  41  4:14  Pneumatized Carapace  
  41  4:28  Spire  
  40  4:36  Evolution Chamber  
  39  4:40  Evolution Chamber  
  39  4:44  Baneling Nest  
  39  4:45  Drone x4  
  40  4:46  Drone  
  40  4:48  Unknown  
  40  4:50  Drone  
  40  4:51  Drone  
  40  4:52  Drone  
  45  5:06  Drone  
  46  5:07  Drone x5  
  51  5:14  Zerg Melee Weapons Level 1  
  51  5:28  Drone  
  51  5:29  Drone x6  
  51  5:30  Overlord  
  58  5:48  Infestation Pit  
  57  5:53  Mutalisk  
  57  5:54  Mutalisk x3  
  65  6:00  Extractor  
  65  6:01  Drone  
  65  6:02  Extractor, Drone  
  65  6:03  Overlord  
  65  6:09  Overlord  
  65  6:11  Overlord  
  65  6:14  Overlord  
  65  6:24  Zerg Ground Armor Level 1  
  65  6:36  Extractor  
  65  6:37  Extractor, Drone x2  
  65  6:38  Drone x7  
  72  6:57  Zergling x6  
  75  7:02  Centrifical Hooks  
  75  7:05  Zerg Flyer Weapons Level 1  
  75  7:15  Hive  
  73  8:00  Zergling x2  
  73  8:01  Zergling x36  
  92  8:11  Drone x2  
  94  8:20  Mutalisk x2  
  98  8:29  Zerg Ground Armor Level 2  
  98  8:31  Zerg Melee Weapons Level 2  
  98  8:36  Baneling  
  98  8:37  Baneling x7  
  98  8:38  Baneling x6  
  98  8:42  Overlord x2  
  98  8:55  Unknown, Hatchery  
  97  9:06  Mutalisk  
  97  9:07  Mutalisk x5  
  107  9:40  Mutalisk x3  
  98  10:07  Unknown  
  90  10:32  Zergling x26  
  88  10:53  Drone x6  
  94  11:00  Baneling x5  
  94  11:01  Baneling x4  
  94  11:02  Zergling x2  
  94  11:03  Zergling x6  
  98  11:14  Ultralisk Cavern  
  98  11:15  Zerg Melee Weapons Level 3, Zerg Ground Armor Level 3  
  98  11:17  Adrenal Glands  
  97  11:19  Greater Spire  
  97  11:26  Zergling x2  
  97  11:27  Zergling x12  
  97  11:29  Overlord x4  
  70  11:59  Zergling x2  
  70  12:00  Zergling x30  
  80  12:12  Mutalisk  
  80  12:13  Mutalisk x3  
  88  12:27  Baneling x5  
  88  12:28  Baneling x2  
  106  12:30  Ultralisk x5  
  106  12:34  Overseer x3  
  106  12:35  Overseer  
  118  12:38  Drone  
  118  12:39  Drone x3  
  122  12:47  Extractor x2  
  122  12:49  Zergling x4  
  122  12:50  Zergling x4  
  124  12:52  Mutalisk  
  126  13:10  Baneling  
  126  13:11  Baneling x4  
  126  13:14  Mutalisk  
  126  13:18  Overlord x2  
  76  14:15  Ultralisk x5  
  76  14:16  Zergling x18  
  115  14:23  Unknown x8  
  115  14:24  Unknown x4  
  115  14:30  Mutalisk  
  115  14:31  Mutalisk x3  
  57  15:16  Mutalisk x4  
Tags
 
Add a new tag
Caveats
  • Supply blocks, unpowered buildings, or Contaminate may cause inaccurate times.
  • Supply counts are checked every 10 seconds.